 Dungeon Crawl Stone Soup version 0.23-a0-536-g5e0f5a2 (webtiles) character file.

5768 kr3s1m1r the Destroyer (level 10, -4/59 HPs)
             Began as a Deep Elf Fire Elementalist on Dec 6, 2018.
             Was a Believer of Vehumet.
             Shot with an arrow by a centaur warrior (15 damage)
             ... on level 9 of the Dungeon.
             The game lasted 00:38:33 (12489 turns).

kr3s1m1r the Destroyer (DEFE)                      Turns: 12489, Time: 00:38:35

Health: -4/59      AC:  5    Str:  5    XL:     10   Next: 49%
Magic:  13/25      EV: 12    Int: 30    God:    Vehumet [**....]
Gold:   529        SH:  0    Dex: 18    Spells: 8/27 levels left

rFire    + + .     SeeInvis .   D - +2 trident of the Spinneret {elec, Int+6}
rCold    x . .     Gourm    .   (no shield)
rNeg     . . .     Faith    .   A - +1 leather armour {rF+}
rPois    .         Spirit   .   (no helmet)
rElec    .         Reflect  .   (no cloak)
rCorr    .         Harm     .   (no gloves)
MR       +....                  y - +0 pair of boots
Stlth    ++........             (no amulet)
HPRegen  0.19/turn              z - +3 ring of dexterity
MPRegen  0.19/turn              l - ring of fire

@: no status effects
A: no striking features
a: Renounce Religion


You were on level 9 of the Dungeon.
You worshipped Vehumet.
Vehumet was pleased with you.
You were not hungry.

You visited 2 branches of the dungeon, and saw 10 of its levels.
You also visited: Ossuary.

You collected 529 gold pieces.

Inventory:

Hand Weapons
 b - a cursed +0 hunting sling
 t - a +0 falchion of protection
 D - the +2 trident of the Spinneret (weapon) {elec, Int+6}
   (You found it on level 7 of the Dungeon)

   Occasionally, upon striking a foe, it will discharge some electrical energy
   and cause terrible harm.
   It affects your intelligence (+6).
Missiles
 h - 171 stones (quivered)
Armour
 y - a +0 pair of boots (worn)
 A - a +1 leather armour of fire resistance (worn)
Jewellery
 l - a ring of fire (right hand)
 v - an uncursed ring of flight
 z - a +3 ring of dexterity (left hand)
Wands
 g - a wand of flame (19)
 F - a wand of iceblast (12)
 H - a wand of random effects (20)
Scrolls
 a - a scroll of magic mapping {unknown}
 e - a scroll of blinking
 f - 4 scrolls of remove curse
 i - 8 scrolls of teleportation
 m - 2 scrolls of immolation
 n - 2 scrolls of enchant weapon {unknown}
 p - 2 scrolls of amnesia {unknown}
 q - a scroll of noise {unknown}
 s - a scroll of fear {unknown}
 w - 3 scrolls of fog {unknown}
 x - 8 scrolls of identify
Potions
 d - a potion of haste
 j - 2 potions of magic {unknown}
 k - 7 potions of curing {unknown}
 o - 4 potions of lignification
 r - 2 potions of heal wounds
 u - 2 potions of cancellation {unknown}
 B - 2 potions of invisibility {unknown}
 C - a potion of agility {unknown}
 G - 2 potions of degeneration {unknown}
Comestibles
 c - 9 rations
 E - 7 chunks of flesh


   Skills:
 + Level 5.4 Fighting
 - Level 2.4 Dodging
 - Level 2.4 Stealth
 + Level 9.1 Spellcasting
 * Level 10.0 Conjurations
 - Level 2.0 Summonings
 - Level 3.2 Translocations
 + Level 9.4 Fire Magic


You had 8 spell levels left.
You knew the following spells:

 Your Spells              Type           Power        Failure   Level  Hunger
e - Call Imp              Summ           ####....     4%          2    None
h - Sticky Flame          Conj/Fire      #######.     1%          4    None
q - Blink                 Tloc           N/A          2%          2    None
r - Conjure Flame         Conj/Fire      #######.     1%          3    None
t - Fireball              Conj/Fire      #######...   3%          5    ####...
u - Throw Flame           Conj/Fire      ######       1%          2    None
z - Flame Tongue          Conj/Fire      #####        1%          1    None

Your spell library contained the following spells:

 Spells                   Type           Power        Failure   Level  Hunger
 Searing Ray              Conj           ######       1%          2    None
 Magic Dart               Conj           ####         1%          1    None
 Inner Flame              Hex/Fire       ######..     2%          3    None
 Mephitic Cloud           Conj/Pois/Air  ####....     4%          3    None
 Beastly Appendage        Tmut           ##....       6%          1    None
 Slow                     Hex            ##......     10%         2    None
 Sticks to Snakes         Tmut           ##......     10%         2    None
 Spider Form              Tmut/Pois      ##........   19%         3    None
 Ice Form                 Ice/Tmut       ##......     54%         4    None
 Blade Hands              Tmut           ##........   87%         5    ####...


Dungeon Overview and Level Annotations

Branches:
Dungeon (9/15)             Temple (1/1) D:4
   Lair: D:8-11         Orc: D:9-12

Altars:
Ashenzari
Cheibriados
Dithmenos
Elyvilon
Fedhas
Gozag
Hepliaklqana
Kikubaaqudgha
Makhleb
Nemelex Xobeh
Okawaru
Qazlal
Ru
Sif Muna
Trog
Uskayaw
Vehumet
Wu Jian
Xom
Yredelemnul
Zin
The Shining One

Shops:
D:7 :


Message History

The five-headed hydra bites you!
The five-headed hydra bites you but does no damage.
The five-headed hydra bites you!
* * * LOW HITPOINT WARNING * * *
Casting: Flame Tongue (safe; 1% risk of failure)
Confirm with . or Enter, or press ? or * to list all spells.
Aiming: Flame Tongue (safe; 1% risk of failure)
Press: ? - help, Shift-Dir - straight line, f/p - five-headed hydra
Aim: a five-headed hydra (flame, almost dead)
You feel a surge of power!
The flame tongue hits the five-headed hydra.
You kill the five-headed hydra!
Vehumet accepts your kill.
Training target 3.0 for Translocations reached!
Your Spellcasting skill increases to level 9!
Your Conjurations skill increases to level 10!
Your Translocations skill increases to level 3!
The centaur warrior wields a +2 shortbow of freezing.
It is covered in frost.
The centaur warrior shoots an arrow.
The arrow hits You die...

#.#..#.# #..# ..#.##.#
.###.###.#..#
##...#.####.#!cp#.##..#
#..##...##.##O##.#...#
#..###...##.#W#.##...#
#.##..##.# O###.#...##
##....####c#.##...#
##.##....##ยง#.#...##
#....##...##@##...#
##......##.##.#...###
#.#.#######.#.#.....#
#.##.........##..##.#
##.##.)#.#.#..#...# .#
#...##.......##...# .
###..##..#.#..#...## .#
#.#...##.....##...# ..
##...#.##..#..#...##


You could see a death knight, 2 centaur warriors, a two-headed ogre, a hungry
ghost and an ogre.

Vanquished Creatures
  A hydra (D:9)
  Grinder (D:3)
  Prince Ribbit (D:5)
  2 hippogriffs (D:9)
  Eustachio (D:5)
  A hungry ghost (D:9)
  Menkaure (D:6)
  3 orc warriors
  A sky beast (D:7)
  3 ogres
  A crocodile (D:7)
  2 centaurs
  An elf zombie (Ossuary)
  A big kobold (D:7)
  5 bullfrogs
  A wyvern skeleton (D:8)
  3 scorpions (D:8)
  3 centaur zombies
  5 howler monkeys
  3 crimson imps
  A human zombie (Ossuary)
  2 jellies
  5 hounds
  A centaur skeleton (D:4)
  5 orc priests
  2 bullfrog skeletons
  A gnoll shaman (D:9)
  16 orc wizards
  2 iguanas (D:6)
  Ijyb (D:4)
  8 worker ants
  2 big kobold zombies (Ossuary)
  2 hound zombies (D:7)
  A hound skeleton (D:6)
  3 mummies
  5 adders
  17 gnolls
  2 shadow imps
  An ooze (D:2)
  3 adder skeletons
  An adder zombie (Ossuary)
  4 worms
  2 dart slugs (D:1)
  8 leopard geckos
  41 orcs
  6 bats
  6 giant cockroaches
  7 goblins
  8 hobgoblins
  11 jackals
  4 quokkas
  2 ball pythons
  7 frilled lizards
  2 goblin zombies
  5 hobgoblin zombies (Ossuary)
  19 kobolds
  10 kobold zombies
  2 leopard gecko zombies
  14 orc zombies (Ossuary)
  3 quokka skeletons
  A quokka zombie (D:7)
  5 rats
  A rat zombie (Ossuary)
289 creatures vanquished.

Notes
Turn   | Place    | Note
-------+----------+-------------------------------------------
     0 | D:1      | kr3s1m1r the Deep Elf Fire Elementalist began the quest for
                  | the Orb.
     0 | D:1      | Reached XP level 1. HP: 10/10 MP: 6/6
   220 | D:1      | Reached XP level 2. HP: 16/16 MP: 4/8
   229 | D:1      | Learned a level 2 spell: Throw Flame
   728 | D:1      | Reached XP level 3. HP: 20/20 MP: 5/10
  1156 | D:2      | Found a shadowy altar of Dithmenos.
  1168 | D:2      | Reached skill level 1 in Fighting
  1168 | D:2      | Reached skill level 2 in Conjurations
  1278 | D:2      | Learned a level 3 spell: Conjure Flame
  1393 | D:2      | Reached XP level 4. HP: 25/25 MP: 7/12
  1462 | D:2      | Learned a level 4 spell: Sticky Flame
  2970 | D:3      | Reached XP level 5. HP: 30/30 MP: 11/13
  3070 | D:3      | Noticed Grinder
  3092 | D:3      | Killed Grinder
  3092 | D:3      | Reached skill level 5 in Spellcasting
  3092 | D:3      | Reached skill level 3 in Conjurations
  3092 | D:3      | Reached skill level 5 in Fire Magic
  3092 | D:3      | Reached XP level 6. HP: 27/35 MP: 6/15
  3099 | D:3      | Learned a level 5 spell: Fireball
  3375 | D:4      | Reached skill level 4 in Conjurations
  3669 | D:4      | Reached XP level 7. HP: 40/40 MP: 7/16
  3961 | D:4      | Found a sand-covered staircase.
  3967 | Ossuary  | Entered an ossuary
  4338 | Ossuary  | Reached skill level 5 in Conjurations
  4881 | D:4      | Found a staircase to the Ecumenical Temple.
  4892 | Temple   | Entered the Ecumenical Temple
  5035 | D:4      | Noticed Ijyb
  5044 | D:4      | Killed Ijyb
  5444 | D:5      | Entered Level 5 of the Dungeon
  5514 | D:5      | Reached XP level 8. HP: 46/46 MP: 13/19
  5701 | D:5      | Reached skill level 6 in Conjurations
  5793 | D:5      | Found a snail-covered altar of Cheibriados.
  5866 | D:5      | Noticed Eustachio
  5906 | D:5      | Killed Eustachio
  6303 | D:5      | Noticed Prince Ribbit
  6310 | D:5      | Killed Prince Ribbit
  6791 | D:5      | Reached skill level 7 in Conjurations
  7085 | D:5      | Found a radiant altar of Vehumet.
  7086 | D:5      | Found a bloodstained altar of Trog.
  7093 | D:5      | Became a worshipper of Vehumet
  7221 | D:6      | Noticed Menkaure
  7228 | D:6      | Killed Menkaure
  7403 | D:6      | Reached XP level 9. HP: 52/52 MP: 12/21
  7932 | D:7      | Found Qoheufas's Book Shoppe.
  8618 | D:7      | Got a thick robe
  8633 | D:7      | Identified the cursed +1 robe of Hymn {rElec Int-5 Dex+3
                  | Slay+2} (You found it on level 7 of the Dungeon)
  8842 | D:7      | Reached * piety under Vehumet
  8842 | D:7      | Offered knowledge of Sandblast by Vehumet.
  8842 | D:7      | Reached skill level 8 in Conjurations
  9034 | D:7      | Got a blackened trident
  9035 | D:7      | Identified the +2 trident of the Spinneret {elec, Int+6}
                  | (You found it on level 7 of the Dungeon)
  9880 | D:7      | Learned a level 2 spell: Blink
  9883 | D:7      | Learned a level 2 spell: Call Imp
 10355 | D:8      | Reached skill level 1 in Summonings
 10421 | D:8      | Reached skill level 1 in Translocations
 10474 | D:8      | Reached skill level 9 in Conjurations
 10718 | D:8      | Offered knowledge of Sting by Vehumet.
 10721 | D:8      | Reached ** piety under Vehumet
 11108 | D:9      | Noticed a red ugly thing
 11366 | D:9      | Reached skill level 5 in Fighting
 11366 | D:9      | Reached XP level 10. HP: 58/59 MP: 19/24
 12443 | D:9      | Offered knowledge of Searing Ray by Vehumet.
 12481 | D:9      | Noticed a five-headed hydra
 12482 | D:9      | Noticed a centaur warrior
 12483 | D:9      | Noticed a two-headed ogre
 12485 | D:9      | Noticed a centaur warrior
 12486 | D:9      | Noticed a death knight
 12489 | D:9      | Killed a five-headed hydra
 12489 | D:9      | Reached skill level 10 in Conjurations
 12489 | D:9      | Shot with an arrow by a centaur warrior

Vault maps used:
D:1:      minmay_arrival_jagged, kennysheep_boxes
D:2:      nicolae_dithmenos_shadow_blocks, first_ration, st_stairs_8
D:3:      kennysheep_generic_room_16, uniq_grinder
D:4:      minmay_temple_entry_gardened_gates, nicolae_ossuary_entry_giza,
          uniq_ijyb
D:5:      cheibrodos_iron_armory, lemuel_doored_altar,
          grunt_temple_overflow_open, uniq_prince_ribbit1, uniq_eustachio
D:6:      uniq_menkaure
D:7:      serial_shops, shop
D:8:      serial_rivers, chequers_serial_rivers_small_a,
          chequers_serial_rivers_large_a, chequers_serial_rivers_room_a,
          chequers_serial_rivers_micro_d, minmay_crystal_room
D:9:      minmay_the_grid_triangle_9x9_rhombus_thin, serial_glass,
          glass_columns_c, glass_columns_b, glass_columns_a, glass_columns_a,
          glass_columns_a, glass_columns_b, glass_columns_c, glass_columns_a,
          hangedman_little_slice_of_home
Temple:   hc_temple_tempest_star
Ossuary:  ossuary_tomb_1

Skill      XL: |  1  2  3  4  5  6  7  8  9 10 |
---------------+-------------------------------+-----
Fighting       | 1 2 3 5 |  5.4
Conjurations   | 2 3 4 5 7 9 10 | 10.0
Spellcasting   | 4 5 6 7 8 9 |  9.1
Fire Magic     | 4 5 6 8 9 |  9.4
Summonings     | 1 2 |  2.0
Translocations | 1 3 |  3.2
Dodging        | |  2.4
Stealth        | |  2.4

Action                   |  1- 3 |  4- 6 |  7- 9 | 10-12 || total
-------------------------+-------+-------+-------+-------++-------
Melee: Unarmed           |     1 |       |       |       ||     1
       Falchion          |       |       |   146 |       ||   146
       Trident           |       |       |     8 |     3 ||    11
Throw: Stone             |     3 |     3 |       |       ||     6
 Cast: Flame Tongue      |    59 |    75 |   351 |    58 ||   543
       Sticky Flame      |       |    10 |    20 |     2 ||    32
       Throw Flame       |       |     2 |     9 |    14 ||    25
       Conjure Flame     |       |     1 |    22 |     2 ||    25
       Fireball          |       |       |     4 |     3 ||     7
       Blink             |       |       |     3 |       ||     3
       Call Imp          |       |       |       |     1 ||     1
Evoke: Wand              |       |       |     6 |       ||     6
  Use: Scroll            |       |     3 |     5 |       ||     8
       Potion            |       |       |     1 |       ||     1
  Eat: Chunk             |     1 |     9 |    16 |     2 ||    28
       Ration            |       |       |     3 |     1 ||     4
Armor: Robe              |     2 |     3 |    20 |       ||    25
       Leather armour    |       |       |    93 |    14 ||   107
Dodge: Dodged            |     7 |    20 |   175 |    32 ||   234
       Rpst.: Falchion   |       |     1 |    46 |       ||    47

Table legend:
 A = Non-vault XP
 B = Vault XP
 C = Vault XP percentage of total XP
 D = Non-vault monster count
 E = Vault monster count
 F = Vault count percentage of total count
                 A         B        C        D         E       F
            +---------+---------+-------+---------+---------+-------
      Total |    5915 |    2325 |  28.2 |     236 |      53 |  18.3
            +---------+---------+-------+---------+---------+-------
        D:1 |      46 |       0 |   0.0 |      25 |       0 |   0.0
        D:2 |      85 |       2 |   2.3 |      17 |       1 |   5.6
        D:3 |     120 |     287 |  70.5 |      31 |       3 |   8.8
        D:4 |     397 |      56 |  12.4 |      24 |       4 |  14.3
        D:5 |     736 |     455 |  38.2 |      21 |       2 |   8.7
        D:6 |     224 |     172 |  43.4 |      15 |       1 |   6.2
        D:7 |    1503 |       0 |   0.0 |      50 |       0 |   0.0
        D:8 |     771 |       0 |   0.0 |      21 |       0 |   0.0
        D:9 |    2033 |     989 |  32.7 |      32 |       3 |   8.6
    Ossuary |       0 |     364 | 100.0 |       0 |      39 | 100.0
            +---------+---------+-------+---------+---------+-------
